 Dungeon Crawl Stone Soup version 0.20.0-7-g3b7b877 (webtiles) character file.

560 HeyBub the Chopper (level 7, -11/60 HPs)
             Began as a Minotaur Monk on May 29, 2017.
             Was a Believer of Makhleb.
             Mangled by an orc warrior
             ... wielding a +0 hand axe
              (14 damage)
             ... on level 6 of the Dungeon.
             The game lasted 00:06:40 (3151 turns).

HeyBub the Chopper (Minotaur Monk)                  Turns: 3151, Time: 00:06:41

Health: -11/60     AC:  6    Str: 18    XL:     7   Next: 9%
Magic:  2/6        EV: 13    Int: 12    God:    Makhleb [**....]
Gold:   228        SH:  0    Dex: 12    Spells: 5/6 levels left

rFire    . . .     SeeInvis .   e - staff of energy
rCold    + . .     Gourm    .   (no shield)
rNeg     . . .     Faith    .   i - +1 leather armour
rPois    .         Spirit   .   (helmet restricted)
rElec    .         Reflect  .   t - +1 cloak
rCorr    .         Harm     .   (no gloves)
MR       .....                  (no boots)
Stlth    ++........             (no amulet)
Regen    0.2/turn               w - ring of ice
MPRegen  0.1/turn               b - ring of protection from fire

@: brilliant, very slightly contaminated
A: retaliatory headbutt, horns 2
a: Minor Destruction, Renounce Religion


You were on level 6 of the Dungeon.
You worshipped Makhleb.
Makhleb was pleased with you.
You were not hungry.

You visited 1 branch of the dungeon, and saw 6 of its levels.

You collected 228 gold pieces.

Inventory:

Hand Weapons
 a - a +0 falchion
 v - a +2 war axe of electrocution
Missiles
 h - 29 arrows
 m - 13 tomahawks (quivered)
Armour
 i - a +1 leather armour (worn)
 t - a +1 cloak (worn)
Magical Staves
 e - an uncursed staff of energy (weapon)
Jewellery
 b - a ring of protection from fire (right hand)
 w - a ring of ice (left hand)
Wands
 k - a wand of polymorph (12/24)
 x - a wand of random effects (27/48)
Scrolls
 d - a scroll of magic mapping
 f - 4 scrolls of remove curse
 l - 2 scrolls of amnesia
 n - 6 scrolls of identify
Potions
 p - a potion of brilliance
 q - 4 potions of cancellation {unknown}
 s - a potion of might {unknown}
Books
 j - a book of Flames

   Spells                             Type                      Level
   a - Flame Tongue                   Conjuration/Fire             1
   b - Throw Flame                    Conjuration/Fire             2
   c - Conjure Flame                  Conjuration/Fire             3
   d - Inner Flame                    Hexes/Fire                   3
   e - Sticky Flame                   Conjuration/Fire             4
   f - Fireball                       Conjuration/Fire             5
Comestibles
 c - 3 bread rations
 g - 8 fruits
 r - 2 meat rations
 u - 3 royal jellies


   Skills:
 + Level 4.4 Fighting
 - Level 4.7 Long Blades
 - Level 5.2 Axes
 + Level 4.0 Staves
 - Level 0.5 Armour
 + Level 4.4 Dodging
 - Level 2.1 Stealth


You had 5 spell levels left.
You knew the following spells:

 Your Spells              Type           Power        Failure   Level  Hunger
a - Flame Tongue          Conj/Fire      #....        4%          1    None


Dungeon Overview and Level Annotations

Branches:
Dungeon (6/15)             Temple (0/1) D:5

Altars:
Cheibriados
Hepliaklqana
Kikubaaqudgha
Makhleb
Yredelemnul
The Shining One


Innate Abilities, Weirdness & Mutations

You reflexively headbutt those who attack you in melee.
You have a pair of horns on your head.


Message History

The orc warrior is lightly wounded.
The gnoll closely misses you. The orc warrior barely misses you.
Casting: Flame Tongue
Confirm with . or Enter, or press ? or * to list all spells.
Aiming: Flame Tongue
Press: ? - help, Shift-Dir - straight line, f/p - orc warrior
Aim: an orc warrior, wielding a hand axe and wearing a plate armour (lightly wounded)
The flame tongue hits the orc warrior.
The orc warrior appears unharmed.
The orc warrior is lightly wounded.
The gnoll hits you from afar with a halberd.
* * * LOW HITPOINT WARNING * * *
Casting: Flame Tongue
Confirm with . or Enter, or press ? or * to list all spells.
Aiming: Flame Tongue
Press: ? - help, Shift-Dir - straight line, f/p - orc warrior
Aim: an orc warrior, wielding a hand axe and wearing a plate armour (lightly wounded)
The flame tongue hits the orc warrior.
The orc warrior is lightly wounded.
The orc warrior hits you with a hand axe!
You die...

#........#..#.###.#.####....##
#........#....................
#........##.#.................
##........##.#......†..........
.........[[.......)..####......
###[......##........## #...###
######.#####..##### #...#
............# #...#
####.#####@## #...# #.# #o#
..... #.#####g###### #......
#.....o......# #..###[#
######.#....... ... ..
#.#.###### #...# #.#.# #.#.#


You could see an orc warrior, a gnoll and an orc.

Vanquished Creatures
  A water moccasin skeleton (D:6)
  A crimson imp (D:6)
  A bullfrog zombie (D:5)
  2 orc priests (D:4)
  A hound (D:6)
  An iguana (D:5)
  2 orc wizards (D:4)
  4 worker ants
  4 gnolls
  5 adders
  A shadow imp (D:6)
  An adder skeleton (D:4)
  2 worms
  2 dart slugs (D:4)
  2 leopard geckos (D:5)
  12 orcs
  3 bats
  7 giant cockroaches
  5 goblins
  4 hobgoblins
  4 jackals (D:1)
  2 quokkas (D:4)
  2 ball pythons
  A ball python zombie (D:5)
  6 frilled lizards
  6 kobolds
  A quokka zombie (D:5)
  5 rats
  A butterfly (D:5)
89 creatures vanquished.

Vanquished Creatures (others)
  A human (D:5)
1 creature vanquished.

Grand Total: 90 creatures vanquished

Notes
Turn   | Place    | Note
-------+----------+-------------------------------------------
     0 | D:1      | HeyBub the Minotaur Monk began the quest for the Orb.
     0 | D:1      | Reached XP level 1. HP: 19/19 MP: 0/0
   127 | D:1      | Reached XP level 2. HP: 19/27 MP: 1/1
   588 | D:2      | Reached XP level 3. HP: 33/33 MP: 2/2
   638 | D:2      | Found a snail-covered altar of Cheibriados.
   874 | D:2      | Noticed a scorpion
   908 | D:2      | Reached XP level 4. HP: 33/40 MP: 3/3
  1045 | D:3      | Found a burning altar of Makhleb.
  1053 | D:3      | Became a worshipper of Makhleb the Destroyer
  1053 | D:3      | Reached * piety under Makhleb
  1053 | D:3      | Reached ** piety under Makhleb
  1367 | D:3      | Reached skill level 1 in Axes
  1498 | D:3      | Reached skill level 2 in Axes
  1681 | D:4      | Reached XP level 5. HP: 46/46 MP: 4/4
  1685 | D:4      | Reached skill level 3 in Axes
  1735 | D:4      | Reached skill level 4 in Axes
  1846 | D:4      | Reached XP level 6. HP: 47/52 MP: 5/5
  1983 | D:4      | Reached skill level 5 in Axes
  2019 | D:4      | Found a glowing golden altar of the Shining One.
  2023 | D:4      | Found a hazy altar of Hepliaklqana.
  2028 | D:4      | Found a basalt altar of Yredelemnul.
  2293 | D:5      | Entered Level 5 of the Dungeon
  2336 | D:5      | Reached skill level 1 in Staves
  2356 | D:5      | Found an ancient bone altar of Kikubaaqudgha.
  2357 | D:5      | Noticed a human
  2359 | D:5      | Killed a human
  2366 | D:5      | Found a snail-covered altar of Cheibriados.
  2381 | D:5      | Found a staircase to the Ecumenical Temple.
  2949 | D:6      | Learned a level 1 spell: Flame Tongue
  3058 | D:6      | Reached XP level 7. HP: 58/59 MP: 6/6
  3138 | D:6      | HP: 1/60 [gnoll/whip (9)]
  3146 | D:6      | HP: 1/60 [gnoll/halberd (5)]
  3151 | D:6      | Mangled by an orc warrior

Skill      XL: |  1  2  3  4  5  6 |
---------------+-------------------+-----
Long Blades    | 4 |  4.7
Dodging        | 4 |  4.4
Fighting       | 4 |  4.4
Stealth        | 2 |  2.1
Axes           | 2 4 5 |  5.2
Staves         | 4 |  4.0
Armour         | |  0.5

Action                   |  1- 3 |  4- 6 |  7- 9 || total
-------------------------+-------+-------+-------++-------
Melee: Falchion          |    48 |    13 |       ||    61
       Headbutt          |     8 |    28 |     3 ||    39
       War axe           |       |    46 |       ||    46
       Staff             |       |    65 |    16 ||    81
 Cast: Flame Tongue      |       |       |     8 ||     8
  Use: Scroll            |       |    10 |       ||    10
       Potion            |       |     1 |     5 ||     6
 Stab: Sleeping          |     2 |     1 |       ||     3
  Eat: Chunk             |       |     6 |     1 ||     7
Armor: Robe              |     2 |       |       ||     2
       Leather armour    |     7 |    21 |     6 ||    34
Dodge: Dodged            |    41 |    89 |    20 ||   150
       Rpst.: Falchion   |    14 |     1 |       ||    15
